 Dungeon Crawl Stone Soup version 0.28.0-43-g3370ac3207 (webtiles) character file.

Game seed: 11806188313447511776

51 jimonade the Prestidigitator (level 3, -1/28 HPs)
             Began as a Gnoll Wanderer on Mar 13, 2022.
             Slain by an iguana (2 damage)
             ... on level 4 of the Dungeon.
             The game lasted 00:05:35 (1857 turns).

jimonade the Prestidigitator (Gnoll Wanderer)       Turns: 1857, Time: 00:05:36

Health: -1/28      AC:  8    Str: 14    XL:     3   Next: 83%
Magic:  9/9        EV:  6    Int: 14    God:
Gold:   65         SH:  0    Dex:  7    Spells: 11/12 levels left

rFire   . . .      SeeInvis .   e - +1 dagger (elec)
rCold   + . .      Faith    .   (no shield)
rNeg    . . .      Spirit   .   m - +0 chain mail {rC+}
rPois   .          Reflect  .   (no helmet)
rElec   .          Harm     .   (no cloak)
rCorr   .          Rampage  .   (no gloves)
Will    .....                   (no boots)
Stlth   ..........              (no amulet)
HPRegen 0.09/turn               (no ring)
MPRegen 0.11/turn               (no ring)

@: about to teleport
A: fangs 1, strong nose, distributed training
a: no special abilities


You were on level 4 of the Dungeon.
You visited 1 branch of the dungeon, and saw 3 of its levels.

You collected 65 gold pieces.

Inventory:

Hand Weapons
 a - a +0 club
 e - a +1 dagger of electrocution (weapon)
Missiles
 n - 10 poisoned darts
 o - 5 javelins
 p - 12 arrows
 q - 29 stones (quivered)
 r - 13 sling bullets
 s - 48 bolts
Armour
 c - a +0 leather armour
 h - a +0 ring mail
 m - a +0 chain mail of cold resistance (worn)
Scrolls
 d - a scroll of silence
 g - 2 scrolls of fog
 i - a scroll of summoning {unknown}
 j - a scroll of immolation {unknown}
 k - 2 scrolls of teleportation
 l - a scroll of identify {unknown}
Potions
 f - 2 potions of curing {unknown}
 t - a potion of resistance {unknown}
Miscellaneous
 b - a piece from Xom's chessboard (15/15)


   Skills:
 + Level 2.6 Fighting
 + Level 1.0 Short Blades
 + Level 1.0 Long Blades
 + Level 1.0 Axes
 + Level 1.0 Maces & Flails
 + Level 1.0 Polearms
 + Level 1.0 Staves
 + Level 1.0 Slings
 + Level 1.0 Bows
 + Level 1.0 Crossbows
 + Level 1.0 Throwing
 + Level 1.0 Armour
 + Level 1.0 Dodging
 + Level 1.0 Stealth
 + Level 1.0 Shields
 + Level 1.0 Unarmed Combat
 + Level 5.0 Spellcasting
 + Level 0.7 Conjurations
 + Level 0.7 Hexes
 + Level 0.7 Summonings
 + Level 5.4 Necromancy
 + Level 0.7 Translocations
 + Level 0.7 Transmutations
 + Level 0.7 Fire Magic
 + Level 0.7 Ice Magic
 + Level 0.7 Air Magic
 + Level 0.7 Earth Magic
 + Level 0.7 Poison Magic
 + Level 1.0 Invocations
 + Level 8.5 Evocations


You had 11 spell levels left.
You knew the following spells:

 Your Spells              Type           Power      Damage    Failure   Level
a - Pain                  Necr           72%        1d7       47%         1

Your spell library contained the following spells:

 Spells                   Type           Power      Damage    Failure   Level
 Sublimation of Blood     Necr           18%        N/A       63%         2
 Vampiric Draining        Necr           18%        2d7       85%         3
 Summon Small Mammal      Summ           20%        N/A       98%         1
 Call Canine Familiar     Summ           5%         N/A       100%        3
 Summon Guardian Golem    Hex/Summ       5%         N/A       100%        3


Dungeon Overview and Level Annotations

Branches:
Dungeon (2/15)

Altars:

Annotations:
D:4 1 runed translucent door, Jingleheimer's ghost, novice GrEE


Innate Abilities, Weirdness & Mutations

You have very sharp teeth.
Your uncanny sense of smell can sniff out nearby items.
Your experience applies equally to all skills.


Message History

Jingleheimer's ghost turns its malevolent gaze towards you.
s - 48 bolts (gained 25)
Found a stone staircase leading up.
You open the door.
Found a stone staircase leading up.
An iguana comes into view.
The iguana hisses angrily.
An iguana is nearby!
The iguana bites you.
You hit the iguana. You bite the iguana, but do no damage.
The iguana is lightly wounded.
The iguana closely misses you.
You barely miss the iguana.
The iguana is lightly wounded.
The iguana bites you.
You barely miss the iguana.
The iguana is lightly wounded.
The iguana barely misses you.
You hit the iguana.
The iguana is moderately wounded.
The iguana bites you!
You hit the iguana but do no damage. Your bite misses the iguana.
The iguana is moderately wounded.
The iguana bites you.
You are too injured to fight recklessly!
You are too injured to fight recklessly!
You are too injured to fight recklessly!
You are too injured to fight recklessly!
You hit the iguana but do no damage. You punch the iguana, but do no damage.
You bite the iguana, but do no damage.
The iguana is moderately wounded.
The iguana bites you!
* * * LOW HITPOINT WARNING * * *
Okay, then.
Unknown command.
As you read the scroll of teleportation, it crumbles to dust.
You feel strangely unstable.
The iguana hisses menacingly.
The iguana bites you.
You die...

...##.# #.....#
......##
#######.######..
........
................
......##
##......######..
......#
#......'...<#
.....##
##......######
.....# ..<.....+
.....# ........#
.....# .......@#
.....# .......l#
###### ........#
........#
........#
......#..
......#..
......#..


You could see an iguana.

Vanquished Creatures
  A gnoll (D:1)
  A dart slug (D:1)
  5 endoplasms
  5 giant cockroaches (D:1)
  4 hobgoblins (D:1)
  3 jackals (D:1)
  A quokka (D:1)
  4 ball pythons (D:1)
  6 goblins (D:1)
  A quokka skeleton (D:4)
  A rat (D:1)
32 creatures vanquished.

Notes
Turn   | Place    | Note
-------+----------+-------------------------------------------
     0 | D:1      | jimonade the Gnoll Wanderer began the quest for the Orb.
     0 | D:1      | jimonade set off with the following items: a +0 club, a
                  | piece from Xom's chessboard (15/15), a +0 leather armour, a
                  | scroll of silence; and the following spell memorised: Pain;
                  | and the following spells available to memorise: Sublimation
                  | of Blood, Vampiric Draining
     0 | D:1      | Reached XP level 1. HP: 17/17 MP: 6/6
   177 | D:1      | Reached XP level 2. HP: 22/23 MP: 5/7
   722 | D:1      | Reached XP level 3. HP: 26/28 MP: 6/9
   754 | D:1      | Reached skill level 5 in Spellcasting
   881 | D:1      | Found a faded altar of an unknown god.
   964 | D:1      | Reached skill level 1 in Invocations
  1721 | D:2      | You fall into a shaft and drop 2 floors!
  1761 | D:4      | Reached skill level 1 in Short Blades
  1761 | D:4      | Reached skill level 1 in Long Blades
  1761 | D:4      | Reached skill level 1 in Axes
  1761 | D:4      | Reached skill level 1 in Maces & Flails
  1761 | D:4      | Reached skill level 1 in Polearms
  1761 | D:4      | Reached skill level 1 in Staves
  1761 | D:4      | Reached skill level 1 in Slings
  1761 | D:4      | Reached skill level 1 in Bows
  1761 | D:4      | Reached skill level 1 in Crossbows
  1761 | D:4      | Reached skill level 1 in Throwing
  1761 | D:4      | Reached skill level 1 in Armour
  1761 | D:4      | Reached skill level 1 in Dodging
  1761 | D:4      | Reached skill level 1 in Stealth
  1761 | D:4      | Reached skill level 1 in Shields
  1761 | D:4      | Reached skill level 1 in Unarmed Combat
  1829 | D:4      | Found a runed translucent door.
  1830 | D:4      | Noticed Jingleheimer's ghost (novice GrEE)
  1830 | D:4      | Noticed a bullfrog
  1856 | D:4      | HP: 1/28 [iguana (9)]
  1857 | D:4      | Slain by an iguana

Illustrated notes

Levels and vault maps discovered:
D:1:      pf_arrival_petrified_forest, layout_basic,
          shapermc_ecumenical_altar_totnotflames,
          amcnicky_mini_rare_corridor_liquid, minivault_23, minmay_quantized
D:2:      layout_basic, uniq_crazy_yiuf_cottage
D:4:      layout_basic, ebering_ghost_sewer_d, serial_shops, kennysheep_mini,
          uniq_robin

Skill      XL: |  1  2  3 |
---------------+----------+-----
Spellcasting   | 5 |  5.0
Invocations    | 1 |  1.0
Short Blades   | 1 |  1.0
Long Blades    | 1 |  1.0
Axes           | 1 |  1.0
Maces & Flails | 1 |  1.0
Polearms       | 1 |  1.0
Staves         | 1 |  1.0
Slings         | 1 |  1.0
Bows           | 1 |  1.0
Crossbows      | 1 |  1.0
Throwing       | 1 |  1.0
Armour         | 1 |  1.0
Dodging        | 1 |  1.0
Stealth        | 1 |  1.0
Shields        | 1 |  1.0
Unarmed Combat | 1 |  1.0
Fighting       | |  2.6
Conjurations   | |  0.7
Hexes          | |  0.7
Summonings     | |  0.7
Necromancy     | |  5.4
Translocations | |  0.7
Transmutations | |  0.7
Fire Magic     | |  0.7
Ice Magic      | |  0.7
Air Magic      | |  0.7
Earth Magic    | |  0.7
Poison Magic   | |  0.7
Evocations     | |  8.5

Action                   || total
-------------------------++-------
Melee: Dagger            ||    43
       Bite              ||     3
       Punch             ||     1
 Cast: Pain              ||    36
  Use: Scroll            ||     3
Armor: Leather armour    ||    10
       Chain mail        ||     2
Dodge: Dodged            ||    18
